[Event "5th Shenzhen Longgang Masters 2024"]
[Site "Shengzhen"]
[Date "2024.02.29"]
[Round "1.1"]
[White "Erigaisi Arjun"]
[Black "Xu, Xiangyu"]
[Result "1-0"]
[ECO "D86"]
[WhiteElo "2738"]
[BlackElo "2623"]
[Annotator "TA"]
[PlyCount "127"]
[EventDate "2024.02.28"]
[EventType "tourn"]
[EventCountry "CHN"]
[SourceTitle "playchess.com"]
[Source "ChessBase"]
[SourceQuality "1"]
[TimeControl "40/5400+30:1800+30"]

1. d4 Nf6 2. c4 g6 3. Nc3 d5 4. cxd5 Nxd5 5. e4 Nxc3 6. bxc3 Bg7 7. Bc4 c5 8. Ne2 Nc6 9. d5 {[%emt 0:00:05] D86: Exchange Grünfeld: Classical Line (7 Bc4).} Ne5 10. Bb3 O-O 11. O-O e6 12. f4 $146 ({Predecessor:} 12. Bf4 c4 13. Bxe5 Bxe5 14. Bxc4 Qc7 15. Qd3 Bxh2+ 16. Kh1 exd5 17. Bxd5 Bf4 18. c4 {1-0 Hakobyan,A (2616)-Wang,J (2503) Pan American Intercollegiate-chT 2024 (2.2)}) 12... c4 13. Ba3 Qb6+ 14. Nd4 Nd3 15. e5 exd5 16. Bc2 Rd8 17. Be7 Re8 18. Bd6 Bf8 19. Bxf8 Rxf8 20. Kh1 Bd7 21. Bxd3 cxd3 22. Qxd3 Rac8 23. f5 Qc7 24. e6 fxe6 25. fxe6 Ba4 26. h3 Rxf1+ 27. Qxf1 Rf8 28. Qe1 Qf4 29. Rb1 b6 30. e7 Re8 31. Rb2 Qf6 32. Re2 Bd7 33. g4 b5 34. Re5 Kf7 35. g5 (35. Rxd5 $2 Bc6 (35... Rxe7 $2 36. Qd1 $19) (35... Qxe7 36. Qxe7+ Kxe7 37. Kh2 $15) 36. Nxc6 Qf3+ 37. Kg1 Qxd5 38. Qf1+ Ke6 $19) 35... Qf4 36. h4 (36. Rxd5 Bxh3 (36... Rxe7 37. Rxd7 Rxd7 38. Qe6+ Kf8 39. Qxd7 $11) 37. Re5 a5) 36... b4 37. Re3 Kg8 (37... bxc3 $2 38. Rf3 $18) 38. Rf3 Qd6 39. cxb4 Rxe7 40. Qf2 Re4 (40... Qxb4 41. Rf8+ Kg7 42. Qf6#) 41. a3 $1 Qe7 42. Kg2 a6 43. Rf4 Ba4 44. Kg1 Bb5 45. Qf3 Rxf4 46. Qxf4 Qe1+ $1 47. Kh2 Bd7 48. Kg2 Qc3 49. Nf3 Qxa3 $2 (49... Qc6 $14) 50. Qb8+ $18 Kf7 51. Qh8 Bf5 $2 (51... Ke7 52. Qxh7+ Kd8 53. Qxg6 Qxb4 54. Qf6+ (54. Qxa6 Qb2+ 55. Kg3 Qb8+ 56. Kf2 Qb2+ 57. Qe2 Qh8 $18) 54... Ke8) 52. Qxh7+ $18 Ke8 53. Qg8+ Ke7 54. Qg7+ ({Not} 54. Qxd5 Qxb4 55. Qe5+ Kd7 $11) 54... Ke8 {[%emt 0:00:42] [#]} 55. Qe5+ $1 Kf8 56. h5 (56. Qxd5 Qxb4 57. Qa8+ Kg7 $11) 56... Be4 57. Qf6+ Ke8 58. hxg6 Qxb4 59. Qf7+ ({Worse is} 59. Qxa6 Bxf3+ 60. Kxf3 Qe4+ 61. Kf2 (61. Kg3 Qe3+ 62. Kg2 Qxg5+ 63. Kf3 Qh5+ 64. Kf2 Qf5+ 65. Ke1 Qe4+ 66. Qe2 Qxe2+ 67. Kxe2 d4 $11) 61... Qf5+ 62. Ke3 Qe5+ 63. Kd3 Qe4+ 64. Kc3 Qe1+ 65. Kd4 Qf2+ 66. Ke5 (66. Kxd5 Qf5+ 67. Kd4 Qf4+ 68. Kd5 Qxg5+ 69. Ke4 Qg4+ 70. Ke5 Qg5+ 71. Ke4 Qh4+ 72. Kf3 Qh5+ 73. Kg3 Qg5+ 74. Kh3 Qe3+ 75. Kg4 Qd4+ 76. Kh3 Qe3+ 77. Kh4 Qf2+ 78. Kh5 Qh2+ 79. Kg5 Qd2+ 80. Kh5 Qh2+ 81. Kg5 Qe5+ 82. Kh6 Qh2+ 83. Kg7 Qe5+ 84. Kg8 Qd5+ 85. Kh7 Qh5+ 86. Kg8 Qd5+ 87. Kh8 Qh5+ 88. Kg7 Qe5+ 89. Kh6 Qh2+ 90. Kg5 $11) 66... Qe1+ 67. Kxd5 Qd2+ 68. Ke4 Qg2+ 69. Kf4 Qf2+ 70. Ke4 Qg2+ 71. Kf4 Qd2+ 72. Kf3 Qd5+ 73. Kf4 Qd6+ 74. Qxd6 $11) 59... Kd8 60. g7 Bxf3+ 61. Kxf3 Qe4+ 62. Kg3 Qe3+ 63. Kg4 Qe4+ {[%emt 0:00:29] [#]} 64. Qf4 $1 1-0

[Event "5th Shenzhen Longgang Masters 2024"]
[Site "Shengzhen"]
[Date "2024.02.29"]
[Round "1.2"]
[White "Bu, Xiangzhi"]
[Black "Dubov, Daniil"]
[Result "1/2-1/2"]
[ECO "D05"]
[WhiteElo "2671"]
[BlackElo "2708"]
[Annotator "TA"]
[PlyCount "60"]
[EventDate "2024.02.28"]
[EventType "tourn"]
[EventCountry "CHN"]
[SourceTitle "playchess.com"]
[Source "ChessBase"]
[SourceQuality "1"]
[TimeControl "40/5400+30:1800+30"]

1. Nf3 d5 2. d4 Nf6 3. e3 e6 4. Bd3 Be7 5. O-O O-O 6. Nbd2 b6 7. e4 dxe4 8. Nxe4 Bb7 9. Nxf6+ Bxf6 10. Qe2 Qd6 11. Rd1 Nd7 {[%emt 0:00:48] The position is equal.} 12. Be4 Bxe4 13. Qxe4 Qd5 14. Qe2 Qf5 15. Be3 Rfd8 16. Qc4 Qd5 17. Qa6 (17. Qxd5 {simplifies} exd5 18. c3 a5 19. Re1) 17... Ne5 18. Nxe5 Bxe5 19. h3 Bf6 20. c3 Bg5 21. Bxg5 Qxg5 22. Qb7 Qb5 23. Rd2 Qd7 24. Re2 c6 25. Qxd7 Rxd7 $11 {[%emt 0:00:02] KRR-KRR} 26. a4 a5 27. Re5 Kf8 28. Rae1 Rad8 29. f4 Rd5 30. Kf2 Ke7 {[%emt 0:00:52] An uneventful encounter.   Weighted Error Value: White=0.04 (flawless) /Black=0.04 (flawless) .  OK:         	White=8     	Black=5} 1/2-1/2

[Event "5th Shenzhen Longgang Masters 2024"]
[Site "Shengzhen"]
[Date "2024.02.29"]
[Round "1.3"]
[White "Giri, Anish"]
[Black "Artemiev, Vladislav"]
[Result "1-0"]
[ECO "C84"]
[WhiteElo "2749"]
[BlackElo "2711"]
[Annotator "TA"]
[PlyCount "53"]
[EventDate "2024.02.28"]
[EventType "tourn"]
[EventCountry "CHN"]
[SourceTitle "playchess.com"]
[Source "ChessBase"]
[SourceQuality "1"]
[TimeControl "40/5400+30:1800+30"]

1. e4 e5 2. Nf3 Nc6 3. Bb5 a6 4. Ba4 Nf6 5. O-O Be7 6. d3 b5 7. Bb3 O-O 8. a4 Rb8 9. axb5 axb5 10. Nc3 d6 11. h3 h6 12. Be3 Re8 13. Qd2 Be6 {[%emt 0:17:15] White is slightly better.} 14. Bxe6 fxe6 15. Ne2 Qc8 {[%emt 0:21:32] Prevents Ra6.} 16. Ng3 Nd8 {[%emt 0:01:45] [#]} (16... Qd7 $14) 17. Bxh6 $1 $18 gxh6 $2 (17... Nf7 $16) 18. Qxh6 Nf7 19. Qg6+ Kf8 20. Nh2 Ra8 21. Rae1 {[%emt 0:01:27][%cal Ba1e1,Be1e3,Be3f3][%mdl 1056] [#] f4 would now be deadly. White has strong compensation.} Bd8 (21... Nh8 $142 22. Qh6+ Kg8) 22. Re3 $40 {[%emt 0:10:42][%mdl 128] aiming for Rf3. Black is in trouble.} Nh8 $2 (22... Qd7) 23. Qh6+ {[%emt 0:00:29] White is clearly winning.} Kf7 24. Rf3 {[%emt 0:01:47] Threatening mate with Qh7+.} Rg8 25. Nh5 Rg6 (25... Ke8 $142 26. Nxf6+ Bxf6 27. Rxf6 Kd7) 26. Qxh8 {[%emt 0:01:33] White wants to mate with Ng4.} Be7 27. Qh7+ {[%emt 0:00:07] White took control after the opening.   Weighted Error Value: White=0.14 (very precise) /Black=0.65.  Loses game:     	---       	Black=1      Mistake:       	---       	Black=4      Inaccurate:     	---       	Black=1      OK:         	White=7     	Black=4      Best:        	White=2     	Black=2      Strong:       	White=1     	---} 1-0

[Event "5th Shenzhen Longgang Masters 2024"]
[Site "Shengzhen"]
[Date "2024.02.29"]
[Round "1.4"]
[White "Ma, Qun"]
[Black "Yu, Yangyi"]
[Result "1/2-1/2"]
[ECO "E10"]
[WhiteElo "2651"]
[BlackElo "2720"]
[Annotator "TA"]
[PlyCount "85"]
[EventDate "2024.02.28"]
[EventType "tourn"]
[EventCountry "CHN"]
[SourceTitle "playchess.com"]
[Source "ChessBase"]
[SourceQuality "1"]
[TimeControl "40/5400+30:1800+30"]

1. d4 Nf6 2. c4 e6 3. Nf3 h6 4. Nc3 Bb4 5. Qc2 c5 6. dxc5 Na6 {[%emt 0:00:27] [#]} 7. c6 $1 bxc6 8. g3 {[%emt 0:00:15] White has an edge.} O-O 9. Bg2 d5 10. O-O Bb7 11. Rd1 c5 (11... Re8 $11) 12. cxd5 exd5 13. Nh4 Nc7 (13... Bxc3 $14 14. bxc3 Bc6) 14. Na4 (14. Nf5 $16) 14... Ne6 $14 15. a3 Ba5 (15... Nd4 $2 16. Rxd4 cxd4 17. axb4 $18) 16. Nxc5 Nxc5 17. Qxc5 Bb6 18. Qb4 Re8 {[%emt 0:02:51] Prevents Be3} 19. Nf5 {[%emt 0:04:23] Be3 would now be deadly.} a5 20. Qb3 Ba6 21. Be3 (21. Bxd5 Nxd5 (21... Bxe2 $2 22. Bxf7+ Kh7 23. Rxd8 $18) 22. Rxd5 Qf6 $14 (22... Bxf2+ 23. Kxf2 Rxe2+ 24. Kf3 $11)) 21... Rb8 (21... Bxe3 $142 22. Nxe3 Bxe2) 22. Qc3 {[%emt 0:04:43] White is much more active.} (22. Bxd5 $142 Nxd5 23. Rxd5) 22... Bxe3 $16 23. Nxe3 Qb6 24. b4 (24. Bxd5 Qxb2 25. Qxa5 (25. Qxb2 Rxb2 26. Rd4 Bxe2 $11) 25... Nxd5 26. Qxd5 Bxe2 $11) (24. Nxd5 {is more complex.} Nxd5 25. Bxd5 Rxe2 26. Qf3) 24... axb4 25. Qxb4 Qxb4 26. axb4 Bxe2 27. Rd4 Red8 28. Re1 ({Of course not} 28. Bxd5 Bf3 29. Ra5 Rbc8 30. Bxf3 (30. Rc4 Nxd5 31. Rxd5 Bxd5 $19) 30... Rxd4 $17) 28... Ba6 29. Nxd5 Nxd5 30. Rxd5 (30. Bxd5 Bb7 31. Red1 Bxd5 32. Rxd5 Rxd5 33. Rxd5 Rxb4 $17) 30... Rxd5 31. Bxd5 Rxb4 $14 {[%emt 0:00:27][%mdl 4096] Endgame. KRB-KRB} 32. Re8+ Kh7 33. Bxf7 {[%emt 0:00:53] [#] Hoping for Bg8+.} Bc4 34. Bxc4 Rxc4 {[%emt 0:00:04] KR-KR} 35. h4 h5 36. Kg2 Rc7 37. Kf3 g6 38. Ke4 Kg7 39. Ke5 (39. Kd3 $14) 39... Rc5+ ({Black should play} 39... Rc2 $1 $11 40. Re7+ Kf8) 40. Ke6 (40. Kd4 $14 Rc2 41. Ke3) 40... Rc6+ $11 41. Ke5 (41. Kd5 $11 Rc2 42. Re7+ Kf6 43. Re6+ Kg7 44. Re7+ Kf6 45. Re6+ Kg7 46. Re7+) 41... Rc5+ $14 42. Ke6 ({Better is} 42. Kf4 $14) 42... Rc6+ $11 43. Ke5 {[%emt 0:00:05] Weighted Error Value: White=0.14 (very precise) /Black=0.13 (very precise) .  Mistake:       	White=6     	Black=4      Inaccurate:     	White=2     	Black=1      OK:         	White=10    	Black=15     Best:        	White=3     	Black=4} 1/2-1/2

[Event "5th Shenzhen Longgang Masters 2024"]
[Site "Shengzhen"]
[Date "2024.03.01"]
[Round "2.1"]
[White "Xu, Xiangyu"]
[Black "Yu, Yangyi"]
[Result "0-1"]
[ECO "C68"]
[WhiteElo "2623"]
[BlackElo "2720"]
[Annotator "TA"]
[PlyCount "80"]
[EventDate "2024.02.28"]
[EventType "tourn"]
[EventCountry "CHN"]
[SourceTitle "playchess.com"]
[Source "ChessBase"]
[SourceQuality "1"]
[TimeControl "40/5400+30:1800+30"]

1. e4 e5 2. Nf3 Nc6 3. Bb5 a6 4. Bxc6 dxc6 5. O-O Qd6 6. d4 exd4 7. Nxd4 Bd7 8. Nc3 O-O-O 9. Be3 Nh6 10. Nf3 ({Better is} 10. f3 $11) 10... Ng4 $15 11. Qxd6 Bxd6 {[%emt 0:00:27] Black is better.} 12. Bd2 Rhe8 13. Rad1 b5 14. h3 Ne5 15. Nxe5 Bxe5 16. b3 h6 (16... f5 $15 17. Ne2 fxe4) 17. f3 (17. g4 $11) 17... f5 $17 18. Rfe1 c5 19. Nd5 fxe4 20. fxe4 Be6 21. Ne3 Rd7 {[%emt 0:07:45] Black has more active pieces. White is weak on the dark squares} 22. Bc1 Bd4 {[%emt 0:00:23] A strong pair of Bishops.} 23. Kh1 Rde7 24. Rf1 Bg8 25. Nf5 Rxe4 26. Ba3 Re2 27. Nxd4 cxd4 28. Rxd4 Rxc2 29. Rf8 Rxf8 30. Bxf8 Rxa2 {[%emt 0:08:18][%mdl 4096] Endgame. KRB-KRB} (30... c5 $142 31. Rd3 c4 (31... Rxa2 32. Bxc5 g6 33. b4 $15) 32. bxc4 Bxc4 (32... Rxa2 33. cxb5 axb5 34. Rg3 $11)) 31. b4 h5 32. Bxg7 a5 33. bxa5 Rxa5 34. g4 hxg4 35. hxg4 (35. h4 $17) 35... c5 $19 36. Rd6 b4 37. g5 $2 {[%emt 0:00:20] [#]} (37. Kg2) 37... c4 {[%emt 0:00:43] Black is clearly winning.} 38. g6 Kc7 {[%emt 0:00:48] Wards off Rb6} 39. Rd2 (39. Rd1 $142 Rh5+ 40. Kg2) 39... c3 40. Rc2 Kc6 {[%emt 0:00:00] Weighted Error Value: White=0.57/Black=0.10 (very precise) .  Mistake:       	White=5     	Black=2      Inaccurate:     	White=4     	---        OK:         	White=14    	Black=15     Best:        	White=1     	Black=2} (40... Bd5+ $142 41. Kg1 Be4 42. Rxc3+ bxc3 43. Bxc3 Ra2) 0-1

[Event "5th Shenzhen Longgang Masters 2024"]
[Site "Shengzhen"]
[Date "2024.03.01"]
[Round "2.2"]
[White "Artemiev, Vladislav"]
[Black "Ma, Qun"]
[Result "1-0"]
[ECO "C67"]
[WhiteElo "2711"]
[BlackElo "2651"]
[Annotator "TA"]
[PlyCount "63"]
[EventDate "2024.02.28"]
[EventType "tourn"]
[EventCountry "CHN"]
[SourceTitle "playchess.com"]
[Source "ChessBase"]
[SourceQuality "1"]
[TimeControl "40/5400+30:1800+30"]

1. e4 e5 2. Nf3 Nc6 3. Bb5 Nf6 4. O-O Nxe4 5. d4 Nd6 6. Bxc6 dxc6 7. dxe5 Nf5 8. Qxd8+ Kxd8 9. h3 Be7 10. Rd1+ Ke8 11. g4 Nh4 12. Nxh4 Bxh4 13. Nc3 h5 14. f3 f5 15. exf6 gxf6 {[%emt 0:00:06] The position is equal.} 16. Bf4 hxg4 17. hxg4 f5 18. g5 (18. Bxc7 fxg4 19. fxg4 Bxg4 $15) 18... Kf7 {[%emt 0:01:26] Black is weak on the dark squares} 19. Be5 Re8 20. Bf6 (20. Bxc7 Bxg5 21. Kg2 Rg8 $15) 20... Kg6 21. f4 {[%emt 0:00:30] Kg2 is the strong threat.} b6 (21... Re6 $16 {might work better.}) 22. Rd3 $18 Kh5 $2 (22... Ba6) 23. Rh3 Kg4 24. Kh2 Bf2 {[%emt 0:00:02][%cal Oe8e3] Repels Rg1+} 25. Kg2 {[%emt 0:04:50] Threatening mate with Rah1.} Re3 {[%emt 0:00:53] [#]} 26. Nd1 $1 Rg3+ 27. Rxg3+ (27. Kxf2 Rxh3 28. Ne3+ Kh5 $11 (28... Kxf4 29. Ng2+ Kg4 30. Ne3+ Kh5 31. Ng2 $11)) 27... Bxg3 28. Be5 {[%emt 0:01:09] Hoping for Ne3+.} ({Weaker is} 28. Ne3+ Kxf4 29. Rf1+ Kxe3 $16) 28... Bh4 29. Ne3+ Kh5 30. Rh1 {[%emt 0:00:37] White is clearly winning.} Bb7 31. Kf1 (31. Bxc7 c5+ 32. Kg1 Bxh1 33. Kxh1 Bxg5 (33... Rc8 34. Nd5 $17) 34. fxg5 Re8 35. Nxf5 Kxg5 $14) 31... Rd8 32. g6 {[%emt 0:01:21] Weighted Error Value: White=0.00 (flawless) /Black=0.36.  Mistake:       	---       	Black=2      Inaccurate:     	---       	Black=3      OK:         	White=11    	Black=8      Best:        	White=3     	---        Strong:       	White=1     	---} ({Not} 32. Bxc7 Rd2 $16) 1-0

[Event "5th Shenzhen Longgang Masters 2024"]
[Site "Shengzhen"]
[Date "2024.03.01"]
[Round "2.3"]
[White "Dubov, Daniil"]
[Black "Giri, Anish"]
[Result "1-0"]
[ECO "D85"]
[WhiteElo "2708"]
[BlackElo "2749"]
[Annotator "TA"]
[PlyCount "79"]
[EventDate "2024.02.28"]
[EventType "tourn"]
[EventCountry "CHN"]
[SourceTitle "playchess.com"]
[Source "ChessBase"]
[SourceQuality "1"]
[TimeControl "40/5400+30:1800+30"]

1. d4 Nf6 2. c4 g6 3. Nc3 d5 4. cxd5 Nxd5 5. e4 Nxc3 6. bxc3 Bg7 7. Nf3 c5 8. Bb5+ Nc6 9. O-O O-O 10. Bxc6 bxc6 11. Qc2 cxd4 12. cxd4 Bg4 13. Ne5 {[%emt 0:00:09] The position is equal.} Qxd4 14. Bb2 Qb6 15. Rab1 Bxe5 16. Bxe5 Qa5 17. Bc3 Qc5 18. h3 Be6 19. Kh2 (19. Rfc1 $11) 19... Rab8 (19... Bxa2 $1 $15 20. Rbc1 Be6) 20. Rbc1 $11 Qc4 21. f4 {[%emt 0:02:19] f5 would now be deadly. White is weak on the light squares} Qxa2 22. Qd1 $1 Bc4 {[%emt 0:06:09][%cal Of8d8] ...Rfd8! is the strong threat.} (22... Rbd8 {with more complications.} 23. Qe1 Rd3 24. f5 Bd7) 23. Rf3 f6 24. Qe1 Qe2 25. Qh4 Bd3 (25... Qxe4 $15 26. Re1 Qf5 (26... Be2 $2 27. Rf2 $18)) 26. e5 $1 $14 Be4 27. Rg3 Rb1 (27... Rb3 $6 28. exf6 exf6 29. f5 Rxc3 (29... Bxf5 $2 30. Re1 $18) 30. fxg6 (30. Rcxc3 Bxf5 31. Rxc6 Qe5 $14) 30... hxg6 31. Rcxc3 $16) ({Black should try} 27... e6 $14) 28. Rxb1 $16 Bxb1 29. exf6 exf6 ({Better is} 29... Rf7 $1 $14) 30. Bxf6 {[%emt 0:00:09] Threatens to win with Be5.} Qe6 31. Be5 {[%emt 0:04:16][%mdl 1024] White has strong compensation.} Be4 32. Ra3 $1 Qd7 33. Qf2 Qe7 {[%emt 0:00:31] Black cannot hold the game after this.} (33... Rf7 $16 {might work better.}) 34. Qe3 $1 $18 ({Weaker is} 34. Qxa7 Qxa7 35. Rxa7 Rd8 $11) (34. Rxa7 Qxe5 35. Qa2+ Bd5 (35... Qd5 36. Qa1 $11) 36. fxe5 Bxa2 37. Rxa2 Rc8 $16) 34... Rf7 35. Bb2 Qb4 (35... Qd6) 36. Rb3 {[%emt 0:01:00] White is clearly winning.} (36. Rxa7 $2 {is the wrong capture.} Rxa7 (36... Qxb2 37. Ra8+ Rf8 38. Rxf8+ Kxf8 39. Qxe4 $11) 37. Bd4 Rd7 $19) 36... Qc4 37. Rb8+ Rf8 38. Qxa7 Qf7 {[%emt 0:00:07] [#]} 39. Qd4 $1 Qxf4+ {[%emt 0:01:23] [#]} 40. g3 $1 {[%emt 0:00:00] Weighted Error Value: White=0.08 (flawless) /Black=0.29 (precise) .  Loses game:     	---       	Black=1      Mistake:       	White=1     	Black=5      Inaccurate:     	White=1     	Black=1      OK:         	White=7     	Black=9      Best:        	White=4     	Black=1      Strong:       	White=4     	---} 1-0

[Event "5th Shenzhen Longgang Masters 2024"]
[Site "Shengzhen"]
[Date "2024.03.01"]
[Round "2.4"]
[White "Erigaisi Arjun"]
[Black "Bu, Xiangzhi"]
[Result "0-1"]
[ECO "C43"]
[WhiteElo "2738"]
[BlackElo "2671"]
[Annotator "TA"]
[PlyCount "72"]
[EventDate "2024.02.28"]
[EventType "tourn"]
[EventCountry "CHN"]
[SourceTitle "playchess.com"]
[Source "ChessBase"]
[SourceQuality "1"]
[TimeControl "40/5400+30:1800+30"]

1. e4 e5 2. Nf3 Nf6 3. d4 Nxe4 4. dxe5 d5 5. Nbd2 Qd7 6. Nd4 Qe7 7. N2f3 Nd7 8. Nb5 {[%emt 0:00:16][%csl LRc7,LRd5] The position is equal.} Nb6 9. Bd3 a6 $1 10. Nc3 Bg4 11. O-O O-O-O 12. h3 Bh5 13. Qe2 $1 Nc5 14. Bf5+ Kb8 $1 15. g4 Bg6 16. Bg5 f6 17. exf6 gxf6 18. Qxe7 Bxe7 19. Rfe1 Bxf5 20. gxf5 d4 21. Rxe7 {[%emt 0:49:51][%cal Og5f4] Threatens to win with Bf4!} dxc3 22. Bxf6 Rhg8+ 23. Kf1 Nd5 {[%emt 0:00:41][%csl LRe7,LRf6] White must now prevent ...cxb2.} 24. Re5 (24. Rg7 $2 Nxf6 25. Rxg8 Rxg8 $19) (24. b4 $1 $11 {keeps the balance.}) 24... cxb2 $17 {[%emt 0:13:02] Black is more active.} 25. Rae1 (25. Rb1 $17 Rd6 (25... Nxf6 26. Rxc5 Ne4 27. Re5 $17) 26. Be7 (26. Rxb2 $2 Nd7 $19) 26... Nxe7 27. Rxc5) 25... Nxf6 $19 26. Rxc5 {[%emt 0:00:19] [#]} Rge8 $1 {[%emt 0:02:03] And now ...Rxe1+ would win.} 27. Rb1 Ne4 28. Rc4 Rd5 (28... Rd2 29. Rxe4 (29. Rxb2 $2 Rxf2+ 30. Ke1 Rxf3 $19) 29... Rxe4 30. Nxd2 $18) 29. f6 {[%emt 0:01:54] Strongly threatening f7.} Rf5 (29... Nxf6 30. Rf4 Nh5 31. Rf7) 30. Kg2 Nxf6 {[%emt 0:05:57] ...Rg8+ is the strong threat.} 31. Nd4 $2 (31. Rc3) 31... Rg5+ {[%emt 0:05:27] Black is clearly winning.} 32. Kh2 (32. Kf3 $142 Nd7 (32... Ne4 33. Nc6+ bxc6 34. Rxb2+ Kc8 35. Rxe4 $11) 33. Rb4) 32... Reg8 33. Rb4 Rg2+ 34. Kh1 Ne4 35. Nc6+ Ka8 36. Rxe4 {[%emt 0:00:07] [#]} Rg1+ $3 {[%emt 0:00:04][%mdl 512] Weighted Error Value: White=0.52/Black=0.18 (very precise) .  Mistake:       	White=4     	---        Inaccurate:     	White=2     	Black=1      OK:         	White=13    	Black=15     Best:        	---       	Black=5      Strong:       	White=1     	Black=3} 0-1

[Event "5th Shenzhen Longgang Masters 2024"]
[Site "Shengzhen"]
[Date "2024.03.02"]
[Round "3.1"]
[White "Bu, Xiangzhi"]
[Black "Xu, Xiangyu"]
[Result "1/2-1/2"]
[ECO "E36"]
[WhiteElo "2671"]
[BlackElo "2623"]
[Annotator "TA"]
[PlyCount "61"]
[EventDate "2024.02.28"]
[EventType "tourn"]
[EventCountry "CHN"]
[SourceTitle "playchess.com"]
[Source "ChessBase"]
[SourceQuality "1"]
[TimeControl "40/5400+30:1800+30"]

1. d4 Nf6 2. c4 e6 3. Nc3 Bb4 4. Qc2 d5 5. a3 Bxc3+ 6. Qxc3 O-O 7. Nf3 b6 8. Bg5 Nbd7 9. cxd5 exd5 {[%emt 0:00:07] The position is equal.} 10. Qc6 Ba6 11. Rc1 Rc8 12. Qa4 Nb8 13. e3 {[%emt 0:00:56] Black is weak on the dark squares} (13. g3 $5) 13... Bxf1 14. Kxf1 ({Don't take} 14. Rxf1 $6 Qe8 15. Qxe8 (15. Qxa7 Ne4 $17) 15... Rfxe8 $16) 14... c5 15. g3 Qd7 16. Qxd7 Nfxd7 17. dxc5 bxc5 18. Kg2 Na6 {[%emt 0:02:16][%cal Bb8a6,Ba6c5,Bc5e4][%mdl 32] [#]} 19. b4 $1 Rfe8 {[%emt 0:06:21] Inhibits Be7.} 20. bxc5 (20. b5 $5) 20... Naxc5 21. Rhd1 (21. Bf4 $5) 21... Nb6 22. Bf4 Ne4 23. Rc7 f6 {[%emt 0:01:45] [#] White must now prevent ...g5.} 24. h4 Rxc7 25. Bxc7 Rc8 26. Bxb6 axb6 27. Nd2 Nd6 28. Nb3 Nc4 29. Rxd5 Nxa3 30. Nd4 Nc2 31. Nxc2 {[%emt 0:04:51] Weighted Error Value: White=0.07 (flawless) /Black=0.07 (flawless) .  Inaccurate:     	White=3     	Black=1      OK:         	White=13    	Black=10} 1/2-1/2

[Event "5th Shenzhen Longgang Masters 2024"]
[Site "Shengzhen"]
[Date "2024.03.02"]
[Round "3.2"]
[White "Giri, Anish"]
[Black "Erigaisi Arjun"]
[Result "0-1"]
[ECO "E46"]
[WhiteElo "2749"]
[BlackElo "2738"]
[Annotator "TA"]
[PlyCount "78"]
[EventDate "2024.02.28"]
[EventType "tourn"]
[EventCountry "CHN"]
[SourceTitle "playchess.com"]
[Source "ChessBase"]
[SourceQuality "1"]
[TimeControl "40/5400+30:1800+30"]

1. d4 Nf6 2. c4 e6 3. Nc3 Bb4 4. e3 O-O 5. Bd2 d5 6. a3 Bxc3 {[%emt 0:04:00] E46: Nimzo-Indian: Rubinstein: 4 e3 0-0 5 Ne2 without early Bd3.} 7. Bxc3 b6 8. Nf3 Ne4 9. Qc2 Ba6 10. Bd3 Nd7 $146 ({Predecessor:} 10... Ng5 11. h4 Nxf3+ 12. gxf3 Bxc4 13. Bxh7+ Kh8 14. h5 Qf6 15. O-O-O Qxf3 16. Rdg1 Qf6 {0-1 Alrivie,M (1000)-Rajtmajer,A (1000) IECC M email 1998}) 11. Bxe4 dxe4 12. Nd2 f5 13. O-O-O Bb7 14. f4 Nf6 15. Rhg1 b5 16. d5 (16. g4 $5) 16... exd5 17. g4 fxg4 18. cxb5 c5 19. bxc6 Bxc6 20. Nc4 $1 (20. Bb4 $2 Rc8 21. Kb1 (21. Bxf8 $2 Ba4 $19) 21... Bb5 $19) 20... Rc8 21. Ne5 Bd7 22. Kb1 Bf5 23. Qd2 Qb6 24. Bd4 Qb7 25. h3 ({Better is} 25. Qf2 $11) 25... gxh3 $15 26. Rg5 Ne8 $1 27. Rdg1 Rc7 28. Ng4 Qa6 (28... Rc6 $1 $15 29. Ne5 Ra6) 29. Qh2 $11 Bxg4 30. R5xg4 Nf6 31. R4g3 Rfc8 32. f5 h5 33. Qxh3 $2 (33. Rg6 $11 Qd3+ 34. Ka2 Qc4+ 35. Ka1) 33... Rc1+ $1 $19 34. Rxc1 Qd3+ 35. Ka2 Rxc1 36. Rxg7+ $2 {[%emt 0:00:50] [#]} (36. Bxf6 $2 Qc4+ 37. b3 Qc2+ 38. Bb2 Qb1#) (36. Rg2 Qd1 37. b3 Rc2+ 38. Rxc2 Qxc2+ 39. Ka1) 36... Kf8 $1 $19 (36... Kxg7 37. Qg3+ Kf8 38. Qd6+ Ke8 39. Qe6+ Kd8 40. Qxf6+ Kc7 41. Qe7+ (41. Bxa7 $2 Qc4+ 42. b3 Rc2+ $19) 41... Kc8 42. Qe6+ Kc7 43. Qe7+ (43. Bxa7 $2 Qc4+ 44. b3 Qe2#) 43... Kc8 44. Qf8+ Kd7 45. Qf7+ Kc8 46. Qe8+ Kc7 47. Qf7+ Kc6 48. Qe8+ Kc7 49. Qf7+ Kc8 50. Qe8+ Kc7 $11) 37. a4 {[%emt 0:05:38] [#]} Qd1 $1 (37... Kxg7 $2 {perishes.} 38. Qg3+ Kf8 39. Qd6+ Ke8 40. Qe6+ Kd8 41. Qxf6+ Ke8 42. Qh8+ (42. Bxa7 Ra1+ 43. Kxa1 Qd1+ 44. Ka2 Qxa4+ 45. Kb1 Qd1+ 46. Ka2 Qa4+ 47. Kb1 Qd1+ 48. Ka2 Qa4+ $11) 42... Kd7 43. Qg7+ Kc8 44. Qf8+ Kb7 45. Qf7+ Rc7 46. Qxd5+ Kc8 47. f6 $18) 38. b3 Rc2+ ({And not} 38... Kxg7 39. Qg3+ Qg4 40. Qe5 $11) 39. Ka3 a5 ({Worse is} 39... Kxg7 40. Qg3+ Qg4 41. Qe5 $14) 0-1